PUBA
GLENAVON PIPERS @ BETHESDA GAMERS
08/04/1966
 
TOP OF THE 1ST
Cape May Mariners batting - Pitching for Buck Knob Bulls : RHP Mark Cummings
Pitching: RHP Mark Cummings
Batting: LHB Ed Young 0-0: SOLO HOME RUN (Line Drive, 89XD, EV 103.8 MPH), Distance : 411 ft
Batting: LHB Chris Williams 0-0: Ground out 6-3 (Groundball, 6, EV 87.5 MPH)
Batting: LHB Jim Burke 0-0: Ball
1-0: Ground out 4-3 (Groundball, 4S, EV 85.6 MPH)
Batting: LHB Bud Zipfel 0-0: Foul Ball, location: 2F
0-1: Ball
1-1: TRIPLE (Groundball, 5L, EV 107.5 MPH)
Batting: RHB Jared Hopkins 0-0: SINGLE (Line Drive, 9S, EV 86.9 MPH)
Bud Zipfel scores
Batting: RHB Jon McGinnity 0-0: Ball
1-0: Fielders Choice at 2nd, 6-4 (Groundball, 6, EV 88.1 MPH)
Top of the 1st over - 2 runs, 3 hits, 0 errors, 1 left on base; Cape May 2 - Buck Knob 0
BOTTOM OF THE 1ST
Buck Knob Bulls batting - Pitching for Cape May Mariners : LHP José López
Pitching: LHP José López
Batting: RHB Jerry Brown 0-0: Ground out 2-3 (Groundball, 2L, EV 65.0 MPH)
Batting: RHB Pedro Lara 0-0: Bunted foul
0-1: Called Strike
0-2: Ground out 6-3 (Groundball, 6MS, EV 93.1 MPH)
Batting: RHB Deron Johnson 0-0: Swinging Strike
0-1: Called Strike
0-2: Strikes out swinging
Bottom of the 1st over - 0 runs, 0 hits, 0 errors, 0 left on base; Cape May 2 - Buck Knob 0
TOP OF THE 2ND
Cape May Mariners batting - Pitching for Buck Knob Bulls : RHP Mark Cummings
Batting: LHB Danny F Murphy 0-0: Foul Ball, location: 2F
0-1: Ball
1-1: Foul Ball, location: 2F
1-2: Ball
2-2: Foul Ball, location: 2F
2-2: Foul Ball, location: 2F
2-2: Ball
3-2: Strikes out looking
Batting: RHB Gary Garrison 0-0: Fly out, F7 (Flyball, 7, EV 96.9 MPH)
Batting: RHB Brad Clark 0-0: Called Strike
0-1: Ball
1-1: Fly out, F9 (Flyball, 9S, EV 96.3 MPH)
Top of the 2nd over - 0 runs, 0 hits, 0 errors, 0 left on base; Cape May 2 - Buck Knob 0
BOTTOM OF THE 2ND
Buck Knob Bulls batting - Pitching for Cape May Mariners : LHP José López
Batting: LHB Christian Moore 0-0: Foul Ball, location: 2F
0-1: Ball
1-1: SINGLE (Line Drive, 89S, EV 92.5 MPH)
Batting: RHB Jeff Walker 0-0: Ball
1-0: Foul Ball, location: 2F
1-1: Ball
2-1: Ball
3-1: Base on Balls
Christian Moore to second
Batting: RHB John Bateman 0-0: Ball
1-0: Called Strike
1-1: DOUBLE (Line Drive, 8RXD, EV 105.6 MPH)
Christian Moore scores
Jeff Walker to third
Batting: LHB Lou Brock 0-0: Ball
1-0: Called Strike
1-1: Ball
2-1: Foul Ball, location: 2F
2-2: Foul Ball, location: 2F
2-2: Ball
3-2: Foul Ball, location: 2F
3-2: Strikes out swinging
Batting: RHB Roberto Bruno 0-0: Ball
1-0: Called Strike
1-1: Ball
2-1: Ball
3-1: Ground out 6-3 (Groundball, 6, EV 85.0 MPH)
Jeff Walker scores
Batting: LHB Jeremy Robles 0-0: Ball
1-0: Called Strike
1-1: Ball
2-1: Ball
3-1: Base on Balls
Batting: RHB Jerry Brown 0-0: Called Strike
0-1: Ball
1-1: Ball
2-1: Ball
3-1: DOUBLE (Flyball, 89D, EV 88.8 MPH)
John Bateman scores
Jeremy Robles to third
Runner from 3rd tries for Home, SAFE, no throw by CF
Batting: RHB Pedro Lara 0-0: Ball
1-0: Called Strike
1-1: Ball
2-1: Ground out 6-3 (Groundball, 56, EV 105.6 MPH)
Bottom of the 2nd over - 4 runs, 3 hits, 0 errors, 1 left on base; Cape May 2 - Buck Knob 4
TOP OF THE 3RD
Cape May Mariners batting - Pitching for Buck Knob Bulls : RHP Mark Cummings
Batting: LHB Ed Young 0-0: Called Strike
0-1: Ball
1-1: Ball
2-1: Ball
3-1: Base on Balls
Batting: LHB Chris Williams 0-0: Grounds into double play, 6-4-3 (Groundball, 6, EV 81.9 MPH)
Batting: LHB Jim Burke 0-0: Called Strike
0-1: Called Strike
0-2: DOUBLE (Line Drive, 7LS, EV 96.9 MPH)
Batting: LHB Bud Zipfel 0-0: Called Strike
0-1: Ball
1-1: Foul Ball, location: 2F
1-2: Ball
2-2: Ball
3-2: Base on Balls
Batting: RHB Jared Hopkins 0-0: Fly out, F8 (Flyball, 89S, EV 93.8 MPH)
Top of the 3rd over - 0 runs, 1 hit, 0 errors, 2 left on base; Cape May 2 - Buck Knob 4
BOTTOM OF THE 3RD
Buck Knob Bulls batting - Pitching for Cape May Mariners : LHP José López
Batting: RHB Deron Johnson 0-0: Ball
1-0: Ball
2-0: Foul Ball, location: 2F
2-1: Swinging Strike
2-2: Ball
3-2: Strikes out swinging
Batting: LHB Christian Moore 0-0: Foul Ball, location: 2F
0-1: Called Strike
0-2: Ball
1-2: Foul Ball, location: 2F
1-2: Foul Ball, location: 2F
1-2: Ball
2-2: Fly out, F8 (Line Drive, 8RM, EV 96.3 MPH)
Batting: RHB Jeff Walker 0-0: Ball
1-0: Ball
2-0: Called Strike
2-1: Ball
3-1: Base on Balls
Batting: RHB John Bateman 0-0: Ball
1-0: Foul Ball, location: 2F
1-1: Fly out, F9 (Flyball, 9D, EV 102.5 MPH)
Bottom of the 3rd over - 0 runs, 0 hits, 0 errors, 1 left on base; Cape May 2 - Buck Knob 4
TOP OF THE 4TH
Cape May Mariners batting - Pitching for Buck Knob Bulls : RHP Mark Cummings
Batting: RHB Jon McGinnity 0-0: Called Strike
0-1: Ball
1-1: Ball
2-1: Foul Ball, location: 2F
2-2: Ball
3-2: Foul Ball, location: 2F
3-2: Ground out 6-3 (Groundball, 6, EV 103.1 MPH)
Batting: LHB Danny F Murphy 0-0: Called Strike
0-1: Ball
1-1: Swinging Strike
1-2: Strikes out swinging
Batting: RHB Gary Garrison 0-0: Ground out 4-3 (Groundball, 34, EV 106.9 MPH)
Top of the 4th over - 0 runs, 0 hits, 0 errors, 0 left on base; Cape May 2 - Buck Knob 4
BOTTOM OF THE 4TH
Buck Knob Bulls batting - Pitching for Cape May Mariners : LHP José López
Batting: LHB Lou Brock 0-0: Ground out 1-3 (Groundball, 13, EV 88.8 MPH)
Batting: RHB Roberto Bruno 0-0: Ball
1-0: Bunt for hit to 15 - play at first, batter OUT! 1-3
Batting: LHB Jeremy Robles 0-0: Ball
1-0: Foul Ball, location: 2F
1-1: Ball
2-1: Ball
3-1: Base on Balls
Batting: RHB Jerry Brown 0-0: Called Strike
0-1: Ball
1-1: Swinging Strike
1-2: DOUBLE (Flyball, 8LXD, EV 108.8 MPH)
Jeremy Robles to third
Runner from 3rd tries for Home, SAFE, no throw by CF
Pitching: LHP Gerardo Montés
Batting: RHB Pedro Lara 0-0: Called Strike
0-1: Fly out, F3 (Line Drive, 3, EV 72.5 MPH)
Bottom of the 4th over - 1 run, 1 hit, 0 errors, 1 left on base; Cape May 2 - Buck Knob 5
TOP OF THE 5TH
Cape May Mariners batting - Pitching for Buck Knob Bulls : RHP Mark Cummings
Batting: RHB Brad Clark 0-0: Ball
1-0: Swinging Strike
1-1: Foul Ball, location: 2F
1-2: Strikes out looking
Batting: LHB Ed Young 0-0: Called Strike
0-1: Ball
1-1: SINGLE (Flyball, 8LS, EV 86.9 MPH)
Batting: LHB Chris Williams 0-0: Called Strike
Ed Young steals 2nd base
0-1: SINGLE (Groundball, 4D, EV 101.9 MPH)
Ed Young to third
Runner from 3rd tries for Home, SAFE, throw by RF to home
Batting: LHB Jim Burke 0-0: Called Strike
0-1: Foul Ball, location: 2F
0-2: Foul Ball, location: 2F
0-2: Strikes out swinging
Batting: LHB Bud Zipfel 0-0: Foul Ball, location: 2F
0-1: Swinging Strike
0-2: Ball
1-2: Strikes out swinging
Top of the 5th over - 1 run, 2 hits, 0 errors, 1 left on base; Cape May 3 - Buck Knob 5
BOTTOM OF THE 5TH
Buck Knob Bulls batting - Pitching for Cape May Mariners : LHP Gerardo Montés
Batting: RHB Deron Johnson 0-0: SINGLE (Flyball, 8RS, EV 82.5 MPH)
Batting: LHB Christian Moore 0-0: Hit by Pitch
Deron Johnson to second
Batting: RHB Jeff Walker 0-0: Foul Ball, location: 2F
0-1: SINGLE (Groundball, 56D, EV 107.5 MPH)
Deron Johnson to third
Christian Moore to second
Runner from 3rd tries for Home, throw by LF and OUT! 7-2
Batting: RHB John Bateman 0-0: Called Strike
0-1: Called Strike
0-2: Strikes out swinging
Batting: LHB Lou Brock 0-0: Foul Ball, location: 2F
0-1: Foul Ball, location: 2F
0-2: SINGLE (Groundball, 4MD, EV 94.4 MPH)
Christian Moore to third
Jeff Walker to second
Runner from 3rd tries for Home, throw by CF and OUT! 8-2
Bottom of the 5th over - 0 runs, 3 hits, 0 errors, 2 left on base; Cape May 3 - Buck Knob 5
TOP OF THE 6TH
Cape May Mariners batting - Pitching for Buck Knob Bulls : RHP Mark Cummings
Batting: RHB Jared Hopkins 0-0: Ground out 4-3 (Groundball, 4S, EV 69.4 MPH)
Batting: RHB Jon McGinnity 0-0: SINGLE (Line Drive, 7LS, EV 111.3 MPH)
Batting: LHB Danny F Murphy 0-0: Ball
Jon McGinnity is caught stealing 2nd base 2-6
1-0: Ball
2-0: SINGLE (Flyball, 9S, EV 96.9 MPH)
Batting: RHB Gary Garrison 0-0: Ball
1-0: Ball
2-0: Swinging Strike
2-1: Ball
3-1: Base on Balls
Danny F Murphy to second
Batting: RHB Brad Clark 0-0: Called Strike
0-1: Called Strike
0-2: Foul Ball, location: 2F
0-2: Strikes out looking
Top of the 6th over - 0 runs, 2 hits, 0 errors, 2 left on base; Cape May 3 - Buck Knob 5
BOTTOM OF THE 6TH
Buck Knob Bulls batting - Pitching for Cape May Mariners : LHP Gerardo Montés
Batting: RHB Roberto Bruno 0-0: Ball
1-0: Swinging Strike
1-1: Ball
2-1: Ball
3-1: Called Strike
3-2: Foul Ball, location: 2F
3-2: Base on Balls
Pitching: RHP Stanley Rucker
Batting: LHB Jeremy Robles 0-0: Called Strike
0-1: Called Strike
0-2: Ball
1-2: Strikes out swinging
Batting: RHB Jerry Brown 0-0: Ball
1-0: Called Strike
1-1: Ball
2-1: Swinging Strike
2-2: SINGLE (Line Drive, 89M, EV 98.8 MPH)
Roberto Bruno to second
Runner from 2nd tries for 3rd, SAFE, throw by RF made to third
Jerry Brown to second
Batting: RHB Pedro Lara 0-0: Ball
1-0: Swinging Strike
1-1: Swinging Strike
1-2: Ball
2-2: Foul Ball, location: 2F
2-2: Strikes out swinging
Batting: RHB Deron Johnson 0-0: Foul Ball, location: 2F
0-1: Swinging Strike
0-2: Strikes out swinging
Bottom of the 6th over - 0 runs, 1 hit, 0 errors, 2 left on base; Cape May 3 - Buck Knob 5
TOP OF THE 7TH
Cape May Mariners batting - Pitching for Buck Knob Bulls : RHP Mark Cummings
Batting: LHB Ed Young 0-0: Ball
1-0: Foul Ball, location: 2F
1-1: SOLO HOME RUN (Flyball, 7D, EV 96.9 MPH), Distance : 374 ft
Batting: LHB Chris Williams 0-0: Ball
1-0: Foul Ball, location: 2F
1-1: Fly out, F8 (Flyball, 8RM, EV 88.8 MPH)
Batting: LHB Jim Burke 0-0: Ball
1-0: Called Strike
1-1: SINGLE (Groundball, 6MS, EV 68.1 MPH) (infield hit)
Batting: LHB Bud Zipfel 0-0: Foul Ball, location: 2F
0-1: Foul Ball, location: 2F
0-2: Strikes out looking
Batting: RHB Jared Hopkins 0-0: Swinging Strike
0-1: Swinging Strike
0-2: Ball
1-2: Strikes out swinging
Top of the 7th over - 1 run, 2 hits, 0 errors, 1 left on base; Cape May 4 - Buck Knob 5
BOTTOM OF THE 7TH
Buck Knob Bulls batting - Pitching for Cape May Mariners : RHP Stanley Rucker
Batting: LHB Christian Moore 0-0: SINGLE (Groundball, 4MD, EV 94.4 MPH)
Batting: RHB Jeff Walker 0-0: Called Strike
0-1: Ball
1-1: Swinging Strike
1-2: Ball
2-2: Ball
3-2: 2-RUN HOME RUN (Flyball, 7LD, EV 101.3 MPH), Distance : 350 ft
Batting: RHB John Bateman 0-0: Ball
1-0: Called Strike
1-1: Swinging Strike
1-2: Strikes out swinging
Batting: LHB Lou Brock 0-0: Ball
1-0: Ball
2-0: Foul Ball, location: 2F
2-1: Ball
3-1: Base on Balls
Batting: RHB Roberto Bruno 0-0: SINGLE (Groundball, 56, EV 98.8 MPH)
Lou Brock to second
Batting: LHB Jeremy Robles 0-0: Ball
1-0: Ball
2-0: Called Strike
2-1: Foul Ball, location: 2F
2-2: Foul Ball, location: 2F
2-2: Foul Ball, location: 2F
2-2: Ball
3-2: Foul Ball, location: 2F
3-2: Ground out 4-3 (Groundball, 4S, EV 67.5 MPH)
Lou Brock to third
Roberto Bruno to second
Batting: RHB Jerry Brown 0-0: Intentional Walk
Batting: RHB Pedro Lara 0-0: Called Strike
0-1: Ball
1-1: Ball
2-1: SINGLE (Line Drive, 78S, EV 108.1 MPH)
Lou Brock scores
Roberto Bruno to third
Jerry Brown to second
Runner from 3rd tries for Home, SAFE, throw by LF to home
Batting: RHB Deron Johnson 0-0: Called Strike
0-1: Ball
1-1: SINGLE (Flyball, 7LS, EV 95.0 MPH)
Jerry Brown to third
Pedro Lara to second
Runner from 3rd tries for Home, SAFE, throw by LF to home
Batting: LHB Christian Moore 0-0: SINGLE (Groundball, 4D, EV 103.1 MPH)
Pedro Lara to third
Deron Johnson to second
Runner from 3rd tries for Home, SAFE, throw by CF to home
Batting: RHB Jeff Walker 0-0: Ball
1-0: Foul Ball, location: 2F
1-1: Ball
2-1: SINGLE (Groundball, 6MD, EV 105.0 MPH)
Deron Johnson to third
Christian Moore to second
Runner from 3rd tries for Home, throw by CF and OUT! 8-2
Bottom of the 7th over - 6 runs, 7 hits, 0 errors, 2 left on base; Cape May 4 - Buck Knob 11
TOP OF THE 8TH
Cape May Mariners batting - Pitching for Buck Knob Bulls : RHP Mark Cummings
Batting: RHB Jon McGinnity 0-0: Ball
1-0: Foul Ball, location: 2F
1-1: Ball
2-1: Foul Ball, location: 2F
2-2: Ground out 5-3 (Groundball, 56, EV 84.4 MPH)
Batting: LHB Danny F Murphy 0-0: Swinging Strike
0-1: Fly out, F7 (Flyball, 78S, EV 95.0 MPH)
Batting: RHB Gary Garrison 0-0: Ball
1-0: Foul Ball, location: 2F
1-1: Ground out 6-3 (Groundball, 6, EV 91.3 MPH)
Top of the 8th over - 0 runs, 0 hits, 0 errors, 0 left on base; Cape May 4 - Buck Knob 11
BOTTOM OF THE 8TH
Buck Knob Bulls batting - Pitching for Cape May Mariners : RHP Stanley Rucker
Batting: RHB John Bateman 0-0: Ball
1-0: Called Strike
1-1: Ball
2-1: Fly out, F7 (Flyball, 7LM, EV 83.1 MPH)
Batting: LHB Lou Brock 0-0: Ball
1-0: Swinging Strike
1-1: SINGLE (Line Drive, 89M, EV 105.6 MPH)
Pitching: RHP Julian Jones
Batting: RHB Roberto Bruno 0-0: Called Strike
0-1: Ball
1-1: Called Strike
1-2: Ball
2-2: Strikes out looking
Batting: LHB Jeremy Robles 0-0: Ball
1-0: Ball
2-0: Foul Ball, location: 2F
2-1: Ball
3-1: Base on Balls
Lou Brock to second
Batting: RHB Jerry Brown 0-0: Foul Ball, location: 2F
0-1: Swinging Strike
0-2: Ball
1-2: Fly out, F8 (Flyball, 8LM, EV 89.4 MPH)
Bottom of the 8th over - 0 runs, 1 hit, 0 errors, 2 left on base; Cape May 4 - Buck Knob 11
TOP OF THE 9TH
Cape May Mariners batting - Pitching for Buck Knob Bulls : RHP Mark Cummings
Pitching: LHP Kevin Gillespie
Batting: RHB Brad Clark 0-0: Ball
1-0: Ball
2-0: Foul Ball, location: 2F
2-1: Foul Ball, location: 2F
2-2: SINGLE (Line Drive, 4MD, EV 98.1 MPH)
Batting: LHB Ed Young 0-0: Ball
1-0: Ball
2-0: Called Strike
2-1: Ball
3-1: Called Strike
3-2: Foul Ball, location: 2F
3-2: Foul Ball, location: 2F
3-2: Base on Balls
Brad Clark to second
Batting: LHB Chris Williams 0-0: Ball
1-0: Ball
2-0: Swinging Strike
2-1: Fly out, F9 (Flyball, 89D, EV 93.8 MPH)
Batting: LHB Jim Burke 0-0: Called Strike
0-1: Ball
1-1: Ball
2-1: Ball
3-1: Base on Balls
Brad Clark to third
Ed Young to second
Pinch Hitting: RHB Jessie Anderson 0-0: Ball
1-0: Ball
2-0: Swinging Strike
2-1: Foul Ball, location: 2F
2-2: Ball
3-2: Foul Ball, location: 2F
3-2: SINGLE (Groundball, 6MD, EV 103.1 MPH)
Brad Clark scores
Ed Young to third
Jim Burke to second
Batting: RHB Jared Hopkins 0-0: Ball
1-0: Reached on error, E5 (Groundball, 56S, EV 81.9 MPH)
Ed Young scores
Jim Burke to third
Jessie Anderson to second
Pitching: RHP Mike Robinson
Batting: RHB Jon McGinnity 0-0: Ball
1-0: Ball
2-0: Ball
3-0: Called Strike
3-1: Foul Ball, location: 2F
3-2: GRAND SLAM HOME RUN (Line Drive, 7D, EV 101.9 MPH), Distance : 387 ft
Pinch Hitting: LHB Jeff King 0-0: Ball
1-0: Ball
2-0: Ball
3-0: Base on Balls
Pinch Hitting: LHB Joe McCullough 0-0: Called Strike
0-1: Ball
1-1: Ball
2-1: Foul Ball, location: 2F
2-2: Foul Ball, location: 2F
2-2: Ball
3-2: Strikes out swinging
Batting: RHB Brad Clark 0-0: Foul Ball, location: 2F
0-1: Ball
1-1: Called Strike
1-2: Ball
2-2: Foul Ball, location: 2F
2-2: Strikes out swinging
Top of the 9th over - 6 runs, 3 hits, 1 error, 1 left on base; Cape May 10 - Buck Knob 11
Monday, November 29th , 2021 - OOTP Baseball 22.11 Build 82